AoeStats
← Istota Zbita

Arena

506396047Analyzed
1v1 RM · 20d ago on Sep 13, 2026· 54m 48s· 2 players
Game mode
Random Map
Map size
Tiny (2 player)
Population
200
Speed
Normal
Resources
Standard
Victory
Conquest
Starting age
Dark Age
Ending age
Imperial Age
RankedLock teamsTeams togetherTeam positionsShared explorationLock speedFull tech treeHidden civsTurbo modeCheats
Victory
Defeat
🇨🇳 Poles · China
852
+15
🇵🇱 Burgundians · Poland
831
-36
Istota Zbita
0:32 Loom
7:01 Double-Bit Axe
11:31 Feudal Age
11:17 Horse Collar
12:51 Bow Saw
14:37 Wheelbarrow
15:00 Heavy Plow
19:12 Castle Age
20:18 Hand Cart
21:00 Town Watch
24:14 Two-Man Saw
23:47 Forging
25:33 Scale Mail Armor
27:12 Gold Mining
28:03 Crop Rotation
28:26 Town Patrol
30:46 Fortified Wall
30:42 Fletching
32:18 Cavalier
33:58 Scale Barding Armor
34:23 Burgundian Vineyards
35:38 Man-at-Arms
36:34 Long Swordsman
36:47 Elite Skirmisher
37:46 Masonry
38:59 Husbandry
39:22 Chain Barding Armor
38:49 Pikeman
43:35 Imperial Age
42:37 Chain Mail Armor
42:58 Iron Casting
45:09 Paladin
45:16 Halberdier
46:35 Conscription
46:20 Capped Ram
46:59 Elite Coustillier
48:54 Hoardings
49:15 Plate Mail Armor
54:47 Devotion
2568730366
8:48 Feudal Age
9:26 Double-Bit Axe
12:25 Horse Collar
17:35 Castle Age
19:52 Wheelbarrow
19:29 Bow Saw
19:59 Gold Mining
20:49 Stone Mining
21:35 Man-at-Arms
22:42 Long Swordsman
23:50 Heavy Plow
24:34 Fervor
28:59 Imperial Age
27:14 Forging
27:18 Bloodlines
27:52 Crossbowman
28:50 Loom
29:19 Arbalester
30:30 Hand Cart
31:57 Chemistry
31:09 Scale Mail Armor
32:12 Fletching
33:22 Bodkin Arrow
35:10 Szlachta Privileges
35:55 Iron Casting
36:33 Thumb Ring
35:54 Cavalier
37:16 Conscription
38:29 Blast Furnace
38:23 Crop Rotation
40:09 Scale Barding Armor
40:44 Thumb Ring
40:44 Bracer
41:27 Siege Engineers
41:44 Ballistics
42:30 Husbandry
42:56 Chain Barding Armor
46:25 Town Watch
47:24 Town Patrol
Connection lost

Rejoining the realm…

Still unreachable

The connection could not be restored.

Session expired

The server has moved on; the page needs a fresh start.